 Dungeon Sprint DCSS version 0.31-a0-149-g3fdcc5976a (webtiles) character file.

Game seed: 4749821767566965836

2413 Hubris850 the Destroyer (level 9, -1/52 HPs)
             Began as a Tengu Fire Elementalist on June 7, 2023.
             Was a High Priest of Qazlal.
             Slain by a spriggan rider
             ... wielding a +1 spear of freezing
              (19 damage)
             ... in the Dungeon (Sprint V: "Ziggurat Sprint").
             The game lasted 00:06:23 (589 turns).

Hubris850 the Destroyer (Tengu Fire Elementalist)    Turns: 589, Time: 00:06:24

Health: -1/52      AC: 19    Str: 18    XL:     9   Next: 47%
Magic:  22/22      EV: 15    Int: 30    God:    Qazlal [*****.]
Gold:   0          SH:  7    Dex: 15    Spells: 20/25 levels left

rFire   + + .        F - +11 Singing Sword {sonic wave}
rCold   . . .        t - orb {mayhem}
rNeg    . . .        s - +5 storm dragon scales
rPois   .            (helmet restricted)
rElec   +            L - +0 cloak
rCorr   .            (no gloves)
SInv    .            (boots unavailable)
Will    .....        N - amulet of Igefaco {Regen+ Str+3 Int+6 Stlth+} Stlth
                     A - +6 ring of strength
HPRegen 1.08/turn    M - ring "Saowoaps" {Drain rF++ EV+5 Int+5}
MPRegen 0.18/turn

%: no teleportation, mayhem, repel missiles
@: protected from physical damage, flying quickly and evasively, studying
Polearms, quick
A: beak, talons 3, nimble flight
a: Renounce Religion, Upheaval, Elemental Force, Disaster Area


You were in the Dungeon.
You worshipped Qazlal.
Qazlal was extremely pleased with you.
You visited 1 branch

Inventory:

Hand Weapons
 E - the +6 Majin-Bo {spellvamp, MP+6 Int+6}
   (You found it in the Dungeon)

   Int:       It affects your intelligence (+6).
   MP:        It affects your magic capacity (+6).
 F - the +11 Singing Sword (weapon) {sonic wave}
   (You found it in the Dungeon)
 G - the +6 shillelagh "Devastator" {shatter}
   (You found it in the Dungeon)
Armour
 a - a +0 robe
 q - a +5 crystal plate armour
 r - +5 fire dragon scales
 s - +5 storm dragon scales (worn)
 t - an orb of mayhem (worn)
 H - the +4 robe of the Pits of Slime {SInv}
   (You found it in the Dungeon)

   SInv:      It lets you see invisible.
 L - a +0 cloak (worn)
Jewellery
 k - the ring "Hiwn" {Fly rCorr Stlth+}
   (You found it in the Dungeon)

   [ring of resist corrosion]

   Fly:       It grants you flight.
   rCorr:     It protects you from acid and corrosion.
   Stlth:     It makes you more stealthy.
 v - a ring of flight
 w - a +6 ring of dexterity
 x - a +6 ring of dexterity
 y - a +6 ring of intelligence
 z - a +6 ring of intelligence
 A - a +6 ring of strength (left hand)
 B - a +6 ring of strength
 I - a +5 ring of evasion
 K - a +6 ring of strength
 M - the ring "Saowoaps" (right hand) {Drain rF++ EV+5 Int+5}
   (You found it in the Dungeon)

   [ring of evasion]

   EV:        It affects your evasion (+5).
   Int:       It affects your intelligence (+5).
   rF:        It greatly protects you from fire.
   Drain:     It drains your maximum health when unequipped.
 N - the amulet of Igefaco (around neck) {Regen+ Str+3 Int+6 Stlth+}
   (You found it in the Dungeon)

   [amulet of regeneration]

   Str:       It affects your strength (+3).
   Int:       It affects your intelligence (+6).
   Regen:     It increases your rate of health regeneration.
   Stlth:     It makes you more stealthy.
Wands
 u - a wand of flame (14)
 C - a wand of mindburst (7)
 D - a wand of acid (9)
 J - a wand of polymorph (13)
Scrolls
 g - 4 scrolls of blinking
 m - 4 scrolls of amnesia
 n - 7 scrolls of fog
 o - 5 scrolls of identify
 p - 2 scrolls of fear
Potions
 b - 8 potions of magic
 c - 9 potions of curing
 d - 10 potions of heal wounds
 e - 5 potions of haste
 f - a potion of berserk rage
 h - 2 potions of brilliance
 i - 2 potions of invisibility
 j - 4 potions of resistance
 l - 5 potions of might


   Skills:
 - Level 4.0 Fighting
 + Level 9.6 Long Blades
 - Level 4.1 Dodging
 - Level 2.0 Stealth
 + Level 8.9 Spellcasting
 + Level 12.3 Conjurations
 + Level 11.0 Fire Magic
 + Level 8.5 Invocations


You had 20 spell levels left.
You knew the following spells:

 Your Spells              Type           Power      Damage    Failure   Level
a - Foxfire               Conj/Fire      100%       2x1d9     1%          1
b - Flame Wave            Conj/Fire      70%        2d16      5%          4

Your spell library contained the following spells:

 Spells                   Type           Power      Damage    Failure   Level
 Scorch                   Fire           100%       2d9       1%          2
 Shock                    Conj/Air       100%       1d9       4%          1
 Inner Flame              Hex/Fire       46%        N/A       19%         3
 Volatile Blastmotes      Fire/Tloc      92%        2d17      19%         3
 Call Imp                 Summ           26%        N/A       67%         2
 Cigotuvi's Dreadful Rot  Necr/Pois/Air  26%        N/A       67%         2
 Summon Guardian Golem    Hex/Summ       13%        N/A       88%         3
 Animate Dead             Necr           13%        N/A       99%         4
 Summon Mana Viper        Hex/Summ       13%        N/A       100%        5
 Death Channel            Necr           6%         N/A       100%        6
 Dragon's Call            Summ           6%         N/A       100%        9


Dungeon Overview and Level Annotations

Branches:
Dungeon (1/1)

Altars:
Ashenzari
Cheibriados
Dithmenos
Elyvilon
Fedhas
Gozag
Hepliaklqana
Kikubaaqudgha
Makhleb
Nemelex Xobeh
Okawaru
Qazlal
Ru
Sif Muna
Trog
Uskayaw
Vehumet
Wu Jian
Xom
Yredelemnul
Zin
The Shining One
Jiyva
Lugonu

Annotations:
D 1 transporter


Innate Abilities, Weirdness & Mutations

You have a beak for a mouth.
You have claws for feet.
Your magical nature lets you fly swiftly and evasively.


Message History

You miss the wolf. Your peck misses the wolf.
The spriggan rider hits you from afar with a +1 spear of freezing!
The spriggan rider freezes you. The wolf completely misses you.
The wolf bites you but does no damage. The black bear bites you.
Your resistance to cold fades away.
You feel protected from physical attacks.
You block the black bear's attack. x2
You slice the wolf!!
You kill the wolf!
Qazlal accepts your kill.
The wolf is engulfed in a thunderstorm.
The wolf closely misses you.
The spriggan rider hits you from afar with a +1 spear of freezing.
The spriggan rider freezes you.
* * * LOW HITPOINT WARNING * * *
The wolf is engulfed in a thunderstorm.
You kill the wolf!
Qazlal accepts your kill. The black bear misses you.
The black bear barely misses you. x2
Your Fire Magic skill increases to level 11!
Unknown command.
You slash the black bear! Your kick misses the black bear.
You peck the black bear.
The black bear is heavily wounded.
You block the spriggan rider's attack. You block the black bear's attack.
The black bear claws you but does no damage.
The black bear misses you.
The black bear bites you but does no damage.
The black bear barely misses you.
The black bear claws you but does no damage.
You slice the black bear!!
The Screaming Sword screams, "THIS IS THE END OF THE WORLD AS YOU KNOW IT!!!"
You send a blast of sound all around you.
The spriggan rider is heavily wounded.
You kill the black bear!
Qazlal accepts your kill.
You kill the black bear!
Qazlal accepts your kill.
The spriggan rider flies into a frenzy!
The spriggan rider hits you from afar with a +1 spear of freezing!!
You die...

▓▓▓▓▓▓▓▓▓
▓..8©8..▓
▓..[==..▓
▓..|/:..▓
▓.......▓
▓.......▓
▓...i§°.▓
▓.☼§.†..▓
▓.▓○@°▓.▓
▓...©...▓
▓▓▓▓▓▓▓▓▓


You could see a neutral spriggan rider (fast, strong, insane).

Vanquished Creatures
  A cyclops (D)
  3 yaktaurs (D)
  Sigmund (D)
  2 nagas (D)
  2 black bears (D)
  3 wolves (D)
  2 centaurs (D)
  A phantom (D)
  2 necrophages (D)
  Blork the orc (D)
  4 wights (D)
  2 orc priests (D)
  Crazy Yiuf (D)
  Jessica (D)
  An orc wizard (D)
  An orc (D)
  A bat zombie (D)
29 creatures vanquished.

Notes
Turn   | Place    | Note
-------+----------+-------------------------------------------
     0 | D        | Hubris850 the Tengu Fire Elementalist began the quest for
                  | the Orb.
     0 | D        | Reached XP level 1. HP: 10/10 MP: 4/4
     1 | D        | Found a blossoming altar of Fedhas.
     1 | D        | Found the +6 Majin-Bo {spellvamp, MP+6 Int+6}
     1 | D        | Found the +27 heavy crossbow "Sniper" {heavy, Acc+∞ SInv}
     1 | D        | Found the +10 dark maul {heavy}
     1 | D        | Found the +15 Maxwell's patent armour {-Cast -Tele rElec
                  | Will+ rCorr}
     1 | D        | Found the +18 shield of the Gong {Loud rN+ Will+ rCorr
                  | EV-5}
     1 | D        | Found the +16 obsidian axe {drain, demonic, Mesm Drain Fly
                  | SInv}
     1 | D        | Found the +7 great mace "Firestarter" {flame, immolate,
                  | rFlCloud rF++}
     1 | D        | Found the +6 shillelagh "Devastator" {shatter}
     1 | D        | Found the +11 plutonium sword {Contam Stlth-}
     1 | D        | Found the +8 lance "Wyrmbane" {slay drac, rPois rF+ rC+
                  | AC+3}
     1 | D        | Found the +9 sword of Zonguldrok {reap}
     1 | D        | Found the +13 scythe of Curses {drain, curses, Drain}
     1 | D        | Found the +9 sword of Power {lifebolt}
     1 | D        | Found the +7 mace of Variability {chaos, chaos arc}
     1 | D        | Found the +11 Singing Sword {sonic wave}
     1 | D        | Found the +8 storm bow {elec, penet}
     2 | D        | Found a shimmering blue altar of Sif Muna.
     2 | D        | Found a sacrificial altar of Ru.
     2 | D        | Found a bloodstained altar of Trog.
     2 | D        | Found a stormy altar of Qazlal.
     2 | D        | Found an iron altar of Okawaru.
     2 | D        | Found a sparkling altar of Nemelex Xobeh.
     4 | D        | Found a transporter.
     4 | D        | Found an ancient bone altar of Kikubaaqudgha.
     4 | D        | Found a viscous altar of Jiyva.
     4 | D        | Found a corrupted altar of Lugonu.
     4 | D        | Found a hazy altar of Hepliaklqana.
     4 | D        | Found a burning altar of Makhleb.
     4 | D        | Found an opulent altar of Gozag.
    62 | D        | Became a worshipper of Qazlal Stormbringer
    73 | D        | Reached skill level 4 in Conjurations
    73 | D        | Reached XP level 2. HP: 15/15 MP: 4/7
   105 | D        | Entered arena 2.
   105 | D        | Noticed a naga
   105 | D        | Noticed a naga
   105 | D        | Found a transporter.
   109 | D        | Killed a naga
   109 | D        | Killed a naga
   110 | D        | Reached skill level 5 in Spellcasting
   110 | D        | Reached skill level 7 in Conjurations
   110 | D        | Reached XP level 3. HP: 24/24 MP: 7/10
   110 | D        | Reached XP level 4. HP: 29/29 MP: 8/12
   110 | D        | Gained mutation: Your magical nature lets you fly swiftly
                  | and evasively. [Tengu growth]
   110 | D        | Reached XP level 5. HP: 33/33 MP: 8/13
   110 | D        | Reached XP level 6. HP: 38/38 MP: 8/14
   269 | D        | Entered arena 3.
   269 | D        | Found a transporter.
   272 | D        | Reached * piety under Qazlal
   274 | D        | Reached skill level 5 in Long Blades
   274 | D        | Reached skill level 5 in Invocations
   276 | D        | Reached skill level 8 in Conjurations
   281 | D        | Got the ring "Hiwn" {Fly rCorr Stlth+}
   286 | D        | Got the +4 robe of the Pits of Slime {SInv}
   289 | D        | Entered arena 4.
   289 | D        | Found a transporter.
   292 | D        | Reached ** piety under Qazlal
   294 | D        | Reached XP level 7. HP: 29/43 MP: 15/17
   308 | D        | Entered arena 5.
   308 | D        | Noticed Sigmund
   308 | D        | Noticed Jessica
   308 | D        | Noticed Blork the orc
   308 | D        | Noticed Crazy Yiuf
   308 | D        | Found a transporter.
   309 | D        | Killed Jessica
   309 | D        | Reached *** piety under Qazlal
   316 | D        | Killed Crazy Yiuf
   317 | D        | Killed Blork the orc
   318 | D        | Reached skill level 9 in Conjurations
   319 | D        | Killed Sigmund
   326 | D        | Got Mara's Codex of the Flock
   429 | D        | Entered arena 6.
   429 | D        | Found a transporter.
   433 | D        | Reached **** piety under Qazlal
   435 | D        | Reached skill level 10 in Conjurations
   435 | D        | Reached XP level 8. HP: 48/48 MP: 19/19
   440 | D        | Got the ring "Saowoaps" {Drain rF++ EV+5 Int+5}
   453 | D        | Learned a level 4 spell: Flame Wave
   454 | D        | Entered arena 7.
   454 | D        | Noticed a yaktaur
   454 | D        | Noticed a yaktaur
   454 | D        | Noticed a cyclops
   454 | D        | Noticed a yaktaur
   455 | D        | Found a transporter.
   457 | D        | Killed a yaktaur
   459 | D        | Killed a yaktaur
   459 | D        | Killed a yaktaur
   459 | D        | Reached ***** piety under Qazlal
   459 | D        | Killed a cyclops
   460 | D        | Reached skill level 12 in Conjurations
   460 | D        | Reached skill level 10 in Fire Magic
   460 | D        | Reached XP level 9. HP: 19/52 MP: 14/22
   467 | D        | Got the amulet of Igefaco {Regen+ Str+3 Int+6 Stlth+}
   479 | D        | Got the Quarto of Darkness and the Tempest
   580 | D        | Entered arena 8.
   580 | D        | Noticed a spriggan rider
   581 | D        | Found a transporter.
   589 | D        | Slain by a spriggan rider

Illustrated notes

Levels and vault maps discovered:
D:        sprint_v [room_start, room_1, room_2, room_3, room_4, room_5, room_6,
          room_7, room_8, room_9, room_10, room_11, room_12, room_13, room_14,
          room_15, room_16, room_17, room_18, room_19, room_20, room_21,
          room_22, room_23, room_24, room_25, room_26, room_27]

Skill      XL: |  1  2  3  4  5  6  7  8  9 |
---------------+----------------------------+-----
Dodging        | 4 |  4.1
Spellcasting   | 3 5 6 7 8 |  8.9
Conjurations   | 4 7 8 10 12 | 12.3
Fire Magic     | 4 6 7 9 10 11 | 11.0
Invocations    | 2 4 5 6 8 |  8.5
Fighting       | 3 4 |  4.0
Long Blades    | 4 5 7 9 |  9.6
Stealth        | |  2.0

Action                     |  1- 3 |  4- 6 |  7- 9 || total
---------------------------+-------+-------+-------++-------
  Melee: Double sword      |     1 |     6 |    23 ||    30
         Kick              |       |     1 |     5 ||     6
         Peck              |       |       |     2 ||     2
 Invoke: Upheaval          |       |       |     3 ||     3
    Use: Potion            |     3 |       |     2 ||     5
 Armour: Storm dragon scal |     2 |     4 |    18 ||    24
  Dodge: Dodged            |       |     3 |    32 ||    35
         Repelled          |       |       |     1 ||     1
  Block: Orb               |       |       |    18 ||    18

Table legend: (Time is in decaauts)
 A = Elapsed time spent in this place.
 B = Non-inter-level travel time spent in this place.
 C = Inter-level travel time spent in this place.
 D = Time resting spent in this place.
 E = Time spent auto-exploring this place.
 F = Levels seen in this place.
 G = Mean time per level.
                   A        B        C        D        E       F      G
               +--------+--------+--------+--------+--------+-----+--------+
         Total |    583 |    583 |      0 |    343 |      0 |   1 |  583.0 |
       Dungeon |    583 |    583 |      0 |    343 |      0 |   1 |  583.0 |
               +--------+--------+--------+--------+--------+-----+--------+

Top non-repeatable levels by time:
       D: 583 daAuts
